Map: Winter Madness LE

Players

Rash - Winner!

  • Race: Terran Terran
  • League: Diamond
  • Spawn Location: 11:00

HoldTheDoor

  • Race: Protoss Protoss
  • League: Diamond
  • Spawn Location: 5:00

VOD

Have the link to the VOD?

Description

Time

  • Played on: May 15, 2026, 1:09 p.m.
  • Length: 5:39
Show
View Real Time Build Order
Export as new Build Order

Rash Terran - Winner!

Build Orders:  

Get SALT Encoding   

  12  0:00  SCV  
  13  0:12  SCV  
  14  0:20  Supply Depot  
  14  0:25  SCV  
  15  0:32  Refinery  
  15  0:43  Barracks  
  15  0:47  SCV  
  16  0:59  SCV  
  17  1:11  SCV  
  17  1:16  Supply Depot  
  18  1:23  SCV  
  19  1:36  Orbital Command  
  19  1:44  Barracks Reactor  
  18  1:58  Barracks  
  18  2:02  SCV  
  18  2:09  Barracks  
  18  2:17  SCV  
  18  2:21  Marine x2  
  22  2:30  SCV  
  22  2:38  Refinery  
  22  2:40  Marine x2  
  22  2:42  SCV  
  25  2:45  Barracks Tech Lab  
  25  2:54  SCV  
  25  2:57  Barracks Tech Lab  
  26  3:04  Supply Depot, Stimpack  
  26  3:07  Marauder  
  26  3:11  SCV  
  29  3:15  Combat Shield  
  29  3:18  Marauder  
  31  3:24  Ghost Academy  
  31  3:25  SCV  
  32  3:31  Supply Depot  
  32  3:38  Marine  
  32  3:39  Marine  
  34  3:41  Marauder  
  36  3:49  Marauder  
  36  3:54  Supply Depot  
  38  3:59  Marine x2  
  40  4:04  Ghost  
  42  4:13  Marauder  
  44  4:17  Marine x2  
  44  4:21  Supply Depot  
  46  4:33  Marauder  
  46  4:34  Concussive Shells  
  48  4:46  Marauder, Marine  
  48  4:47  Marine  
  52  4:58  Command Center  
  52  5:04  Marauder  
Show
View Real Time Build Order
Export as new Build Order

HoldTheDoor Protoss 

Build Orders: 1 Gate Expand 

Get SALT Encoding   

  12  0:00  Probe  
  13  0:12  Probe  
  14  0:21  Pylon  
  14  0:25  Probe  
  15  0:39  Probe, Gateway  
  16  0:46  Assimilator  
  16  0:51  Probe  
  17  1:03  Probe  
  18  1:04  Pylon  
  18  1:15  Probe  
  19  1:27  Probe  
  19  1:28  Cybernetics Core  
  20  1:39  Nexus  
  20  1:46  Assimilator  
  20  1:52  Probe  
  21  1:57  Pylon  
  21  2:03  Warp Gate  
  21  2:05  Probe  
  21  2:06  Adept  
  22  2:17  Probe  
  25  2:27  Shield Battery  
  25  2:29  Probe  
  26  2:36  Sentry  
  28  2:41  Probe  
  29  2:51  Probe  
  30  2:55  Robotics Facility  
  30  3:01  Pylon  
  30  3:03  Probe  
  31  3:10  Probe  
  32  3:15  Probe  
  32  3:18  Twilight Council  
  33  3:22  Probe  
  34  3:27  Probe, Assimilator  
  34  3:31  Shield Battery  
  35  3:35  Probe  
  35  3:39  Probe  
  37  3:42  Observer  
  38  3:48  Charge  
  38  3:56  Robotics Bay  
  38  3:57  Probe x2  
  40  4:09  Probe x2  
  42  4:11  Zealot  
  44  4:17  Gateway  
  44  4:20  Gateway  
  44  4:21  Immortal, Pylon  
  44  4:23  Probe x2  
  50  4:33  Assimilator  
  50  4:35  Probe x2  
  50  4:38  Pylon  
  52  4:47  Probe  
  52  4:50  Probe  
  54  5:04  Nexus  
  54  5:12  Pylon  
  54  5:13  Shield Battery, Zealot  
  54  5:14  Zealot  
  64  5:23  Adept, Pylon  
  66  5:34  Adept x2  
Tags
 
Add a new tag
Caveats
  • Supply blocks, unpowered buildings, or Contaminate may cause inaccurate times.
  • Supply counts are checked every 10 seconds.